SAA
ATLANTIC CITY SONICS @ DURHAM RAPIERS
08/23/2030
 
TOP OF THE 1ST
Atlantic City Sonics batting - Pitching for Durham Rapiers : LHP Archie Erickson
Pitching: LHP Archie Erickson
Batting: RHB Thurman Blumer 0-0: Ball
1-0: Called Strike
1-1: Ball
2-1: Foul Ball, location: 2F
2-2: Fly out, F3 (Line Drive, 34)
Batting: RHB José Rodríguez 0-0: Ball
1-0: Foul Ball, location: 2F
1-1: Ball
2-1: Called Strike
2-2: Ball
3-2: Foul Ball, location: 2F
3-2: Reached on error, E8 (Flyball, 8LM)
Batting: RHB Eddie Sachs 0-0: Ball
1-0: Foul Ball, location: 2F
1-1: Ball
2-1: Fly out, F6 (Popup, 6MD)
Batting: LHB Kelvin Abbott 0-0: Foul Ball, location: 2F
0-1: Ball
1-1: SINGLE (Line Drive, 9LS)
José Rodríguez to second
Runner from 2nd tries for 3rd, SAFE, no throw
Batting: RHB Alejandro Sánchez 0-0: Swinging Strike
0-1: Swinging Strike
0-2: Strikes out swinging
Top of the 1st over - 0 runs, 1 hit, 1 error, 2 left on base; Atlantic City 0 - Durham 0
BOTTOM OF THE 1ST
Durham Rapiers batting - Pitching for Atlantic City Sonics : LHP José Cotilla
Pitching: LHP José Cotilla
Batting: RHB Lu-fang Koo 0-0: Swinging Strike
0-1: Bunt missed!
0-2: Strikes out looking
Batting: RHB Tomás Costello 0-0: Ground out 6-3 (Groundball, 6)
Batting: SHB Wenceslas Holbeche 0-0: Fly out, F9 (Flyball, 9LMF)
Bottom of the 1st over - 0 runs, 0 hits, 0 errors, 0 left on base; Atlantic City 0 - Durham 0
TOP OF THE 2ND
Atlantic City Sonics batting - Pitching for Durham Rapiers : LHP Archie Erickson
Batting: LHB Juan Ledezma 0-0: Called Strike
0-1: Ball
1-1: Ball
2-1: Ground out 4-3 (Groundball, 34)
Batting: LHB José Pacheco 0-0: Foul Ball, location: 2F
0-1: Ball
1-1: Fly out, F8 (Flyball, 8LS)
Batting: RHB Randy Sheffield 0-0: Ball
1-0: SINGLE (Groundball, 3D)
Batting: RHB Malcolm Campbell 0-0: Called Strike
0-1: Ball
1-1: Called Strike
1-2: Strikes out swinging
Top of the 2nd over - 0 runs, 1 hit, 0 errors, 1 left on base; Atlantic City 0 - Durham 0
BOTTOM OF THE 2ND
Durham Rapiers batting - Pitching for Atlantic City Sonics : LHP José Cotilla
Batting: RHB Vincent Klein 0-0: Ball
1-0: Ball
2-0: Foul Ball, location: 2F
2-1: Foul Ball, location: 2F
2-2: Foul Ball, location: 2F
2-2: Ball
3-2: Foul Ball, location: 2F
3-2: Strikes out swinging
Batting: RHB Armando Chamú 0-0: Fly out, F7 (Flyball, 78XD)
Batting: RHB Raúl Moreno 0-0: SINGLE (Groundball, 15S) (infield hit)
Batting: LHB Alberto Garza 0-0: Ball
1-0: Foul Ball, location: 2F
1-1: Ball
2-1: Called Strike
2-2: Ball
3-2: SINGLE (Line Drive, 34)
Raúl Moreno to second
Raúl Moreno to third
Batting: RHB Yoshi Kouda 0-0: SINGLE (Groundball, 56) (infield hit)
Raúl Moreno scores
Alberto Garza to second
Batting: RHB Júlio Gonzáles 0-0: Foul Ball, location: 2F
0-1: Foul Ball, location: 2F
0-2: Ball
1-2: Ball
2-2: Ball
3-2: SINGLE (Groundball, 6MD)
Alberto Garza to third
Yoshi Kouda to second
Alberto Garza scores
Yoshi Kouda to third
Batting: RHB Lu-fang Koo 0-0: Foul Ball, location: 2F
0-1: Called Strike
0-2: Ball
1-2: Strikes out looking
Bottom of the 2nd over - 2 runs, 4 hits, 0 errors, 2 left on base; Atlantic City 0 - Durham 2
TOP OF THE 3RD
Atlantic City Sonics batting - Pitching for Durham Rapiers : LHP Archie Erickson
Batting: RHB Thurman Blumer 0-0: Ball
1-0: Ground out 4-3 (Groundball, 4)
Batting: RHB José Rodríguez 0-0: Ball
1-0: Called Strike
1-1: SINGLE (Groundball, 6MD)
Batting: RHB Eddie Sachs 0-0: Ball
1-0: Fly out, F8 (Flyball, 8LS)
Batting: LHB Kelvin Abbott 0-0: Ball
1-0: Ball
2-0: SINGLE (Flyball, 89S)
José Rodríguez to second
Batting: RHB Alejandro Sánchez 0-0: Called Strike
0-1: Ball
1-1: Fly out, F6 (Popup, 6M)
Top of the 3rd over - 0 runs, 2 hits, 0 errors, 2 left on base; Atlantic City 0 - Durham 2
BOTTOM OF THE 3RD
Durham Rapiers batting - Pitching for Atlantic City Sonics : LHP José Cotilla
Batting: RHB Tomás Costello 0-0: Ball
1-0: Ball
2-0: Swinging Strike
2-1: Ground out 5-3 (Groundball, 5L)
Batting: SHB Wenceslas Holbeche 0-0: Swinging Strike
0-1: Ground out 6-3 (Groundball, 6)
Batting: RHB Vincent Klein 0-0: Ball
1-0: Reached on error, E6 (Groundball, 6)
Batting: RHB Armando Chamú 0-0: Called Strike
0-1: Foul Ball, location: 2F
0-2: Foul Ball, location: 2F
0-2: Foul Ball, location: 2F
0-2: Foul Ball, location: 2F
0-2: Strikes out swinging
Bottom of the 3rd over - 0 runs, 0 hits, 1 error, 1 left on base; Atlantic City 0 - Durham 2
TOP OF THE 4TH
Atlantic City Sonics batting - Pitching for Durham Rapiers : LHP Archie Erickson
Batting: LHB Juan Ledezma 0-0: Ball
1-0: Called Strike
1-1: Ball
2-1: Ball
3-1: SINGLE (Groundball, 3D)
Batting: LHB José Pacheco 0-0: Called Strike
0-1: Ball
1-1: SINGLE (Groundball, 4S) (infield hit)
Juan Ledezma to second
Batting: RHB Randy Sheffield 0-0: Ball
1-0: Ball
2-0: Ball
3-0: Called Strike
3-1: Base on Balls
Juan Ledezma to third
José Pacheco to second
Batting: RHB Malcolm Campbell 0-0: Foul Ball, location: 2F
0-1: Called Strike
0-2: Ball
1-2: Ground out 6-3 (Groundball, 6M)
Juan Ledezma scores
José Pacheco to third
Randy Sheffield to second
Batting: RHB Thurman Blumer 0-0: 3-RUN HOME RUN (Line Drive, 7LD), Distance : 361 ft
Batting: RHB José Rodríguez 0-0: Called Strike
0-1: Swinging Strike
0-2: Ball
1-2: Foul Ball, location: 2F
1-2: Foul Ball, location: 2F
1-2: SINGLE (Line Drive, 89S)
Batting: RHB Eddie Sachs 0-0: Foul Ball, location: 2F
0-1: Ball
1-1: Swinging Strike
1-2: Ball
2-2: Foul Ball, location: 2F
2-2: Strikes out swinging
Batting: LHB Kelvin Abbott 0-0: Ball
1-0: Swinging Strike
1-1: Swinging Strike
1-2: Ball
2-2: Foul Ball, location: 2F
2-2: Ball
3-2: Foul Ball, location: 2F
3-2: Ground out 3-1 (Groundball, 34)
Top of the 4th over - 4 runs, 4 hits, 0 errors, 1 left on base; Atlantic City 4 - Durham 2
BOTTOM OF THE 4TH
Durham Rapiers batting - Pitching for Atlantic City Sonics : LHP José Cotilla
Batting: RHB Raúl Moreno 0-0: Ball
1-0: Foul Ball, location: 2F
1-1: Foul Ball, location: 2F
1-2: Ball
2-2: Ball
3-2: Foul Ball, location: 2F
3-2: Strikes out looking
Batting: LHB Alberto Garza 0-0: Ball
1-0: Ground out 4-3 (Groundball, 34)
Batting: RHB Yoshi Kouda 0-0: Called Strike
0-1: Called Strike
0-2: Ground out 5-3 (Groundball, 56)
Bottom of the 4th over - 0 runs, 0 hits, 0 errors, 0 left on base; Atlantic City 4 - Durham 2
TOP OF THE 5TH
Atlantic City Sonics batting - Pitching for Durham Rapiers : LHP Archie Erickson
Batting: RHB Alejandro Sánchez 0-0: Fly out, F9 (Flyball, 89M)
Batting: LHB Juan Ledezma 0-0: Ball
1-0: Called Strike
1-1: Foul Ball, location: 2F
1-2: Strikes out swinging
Batting: LHB José Pacheco 0-0: Ball
1-0: Called Strike
1-1: Ball
2-1: Ground out 4-3 (Groundball, 34)
Top of the 5th over - 0 runs, 0 hits, 0 errors, 0 left on base; Atlantic City 4 - Durham 2
BOTTOM OF THE 5TH
Durham Rapiers batting - Pitching for Atlantic City Sonics : LHP José Cotilla
Batting: RHB Júlio Gonzáles 0-0: Foul Ball, location: 2F
0-1: Called Strike
0-2: Ground out 5-3 (Groundball, 56)
Batting: RHB Lu-fang Koo 0-0: Ball
1-0: Swinging Strike
1-1: Foul Ball, location: 2F
1-2: Strikes out swinging
Batting: RHB Tomás Costello 0-0: Foul Ball, location: 2F
0-1: Ball
1-1: SINGLE (Line Drive, 78S)
Batting: SHB Wenceslas Holbeche 0-0: Ball
1-0: Ball
2-0: Called Strike
2-1: Ball
3-1: Fielders Choice at 2nd, 6-4 (Groundball, 6)
Bottom of the 5th over - 0 runs, 1 hit, 0 errors, 1 left on base; Atlantic City 4 - Durham 2
TOP OF THE 6TH
Atlantic City Sonics batting - Pitching for Durham Rapiers : LHP Archie Erickson
Batting: RHB Randy Sheffield 0-0: Called Strike
0-1: Called Strike
0-2: Ball
1-2: Ball
2-2: Ball
3-2: Strikes out swinging
Batting: RHB Malcolm Campbell 0-0: Swinging Strike
0-1: Reached on error, E5 (Groundball, 5)
Pitching: RHP Stu Noble
Batting: RHB Thurman Blumer 0-0: Ball
1-0: Called Strike
1-1: Ball
2-1: Foul Ball, location: 2F
2-2: Strikes out swinging
Batting: RHB José Rodríguez 0-0: Ball
1-0: Foul Ball, location: 2F
1-1: Foul Ball, location: 2F
1-2: Foul Ball, location: 2F
1-2: Ground out 4-3 (Groundball, 34)
Top of the 6th over - 0 runs, 0 hits, 1 error, 1 left on base; Atlantic City 4 - Durham 2
BOTTOM OF THE 6TH
Durham Rapiers batting - Pitching for Atlantic City Sonics : LHP José Cotilla
Batting: RHB Vincent Klein 0-0: Ball
1-0: SINGLE (Groundball, 34D)
Batting: RHB Armando Chamú 0-0: Called Strike
0-1: Called Strike
0-2: Ball
1-2: Ball
2-2: Ball
3-2: Base on Balls
Vincent Klein to second
Batting: RHB Raúl Moreno 0-0: Grounds into double play, 6-4-3 (Groundball, 6)
Vincent Klein to third
Batting: LHB Alberto Garza 0-0: Ground out 3-1 (Groundball, 3S)
Bottom of the 6th over - 0 runs, 1 hit, 0 errors, 1 left on base; Atlantic City 4 - Durham 2
TOP OF THE 7TH
Atlantic City Sonics batting - Pitching for Durham Rapiers : RHP Stu Noble
Batting: RHB Eddie Sachs 0-0: Called Strike
0-1: Foul Ball, location: 2F
0-2: Strikes out swinging
Batting: LHB Kelvin Abbott 0-0: Foul Ball, location: 2F
0-1: Ball
1-1: Foul Ball, location: 2F
1-2: Fly out, F6 (Popup, 6M)
Batting: RHB Alejandro Sánchez 0-0: Ball
1-0: Ball
2-0: Called Strike
2-1: Ground out 5-3 (Groundball, 56S)
Top of the 7th over - 0 runs, 0 hits, 0 errors, 0 left on base; Atlantic City 4 - Durham 2
BOTTOM OF THE 7TH
Durham Rapiers batting - Pitching for Atlantic City Sonics : LHP José Cotilla
Batting: RHB Yoshi Kouda 0-0: Ball
1-0: Foul Ball, location: 2F
1-1: Ball
2-1: Ball
3-1: Called Strike
3-2: Strikes out looking
Batting: RHB Júlio Gonzáles 0-0: Ball
1-0: Ball
2-0: Called Strike
2-1: Called Strike
2-2: Strikes out looking
Batting: RHB Lu-fang Koo 0-0: Called Strike
0-1: Foul Ball, location: 2F
0-2: Ball
1-2: SINGLE (Line Drive, 6MD)
Batting: RHB Tomás Costello 0-0: Called Strike
0-1: Ball
1-1: Called Strike
1-2: Fielders Choice at 2nd, 6-4 (Groundball, 6)
Bottom of the 7th over - 0 runs, 1 hit, 0 errors, 1 left on base; Atlantic City 4 - Durham 2
TOP OF THE 8TH
Atlantic City Sonics batting - Pitching for Durham Rapiers : RHP Stu Noble
Batting: LHB Juan Ledezma 0-0: Foul Ball, location: 2F
0-1: Ball
1-1: Ball
2-1: Ball
3-1: Called Strike
3-2: Foul Ball, location: 2F
3-2: Foul Ball, location: 2F
3-2: Strikes out swinging
Batting: LHB José Pacheco 0-0: Called Strike
0-1: Ball
1-1: Ball
2-1: Called Strike
2-2: Foul Ball, location: 2F
2-2: Strikes out swinging
Batting: RHB Randy Sheffield 0-0: Foul Ball, location: 2F
0-1: Ball
1-1: Ball
2-1: SOLO HOME RUN (Flyball, 7D), Distance : 387 ft
Batting: RHB Malcolm Campbell 0-0: Ball
1-0: Foul Ball, location: 2F
1-1: Swinging Strike
1-2: Strikes out swinging
Top of the 8th over - 1 run, 1 hit, 0 errors, 0 left on base; Atlantic City 5 - Durham 2
BOTTOM OF THE 8TH
Durham Rapiers batting - Pitching for Atlantic City Sonics : LHP José Cotilla
Batting: SHB Wenceslas Holbeche 0-0: Called Strike
0-1: Ball
1-1: Foul Ball, location: 2F
1-2: Ball
2-2: Ball
3-2: Ground out 4-3 (Groundball, 4)
Batting: RHB Vincent Klein 0-0: Called Strike
0-1: Ball
1-1: Foul Ball, location: 2F
1-2: Ball
2-2: Ground out 4-3 (Groundball, 4)
Batting: RHB Armando Chamú 0-0: Ball
1-0: Ball
2-0: Ball
3-0: Called Strike
3-1: SINGLE (Groundball, 34D)
Pitching: LHP Doppo Omikado
Batting: RHB Raúl Moreno 0-0: Ball
1-0: Called Strike
1-1: Ball
2-1: Ball
3-1: Called Strike
3-2: Foul Ball, location: 2F
3-2: Ground out 4-3 (Groundball, 4M)
Bottom of the 8th over - 0 runs, 1 hit, 0 errors, 1 left on base; Atlantic City 5 - Durham 2
TOP OF THE 9TH
Atlantic City Sonics batting - Pitching for Durham Rapiers : RHP Stu Noble
Pitching: RHP Quinton Richards
Batting: RHB Thurman Blumer 0-0: Ball
1-0: Ball
2-0: Ball
3-0: Called Strike
3-1: DOUBLE (Line Drive, 8RD)
Batting: RHB José Rodríguez 0-0: Ball
1-0: Called Strike
1-1: Called Strike
1-2: Foul Ball, location: 2F
1-2: Ball
2-2: Foul Ball, location: 2F
2-2: Foul Ball, location: 2F
2-2: Ball
3-2: Hit by Pitch
Batting: RHB Eddie Sachs 0-0: Ball
1-0: Ball
2-0: Foul Ball, location: 2F
2-1: Foul Ball, location: 2F
2-2: Ball
3-2: Grounds into double play, 6-4-3 (Groundball, 56)
Thurman Blumer to third
Batting: LHB Kelvin Abbott 0-0: Called Strike
0-1: Foul Ball, location: 2F
0-2: Ball
1-2: Ball
2-2: Ball
3-2: Base on Balls
Batting: RHB Alejandro Sánchez 0-0: Fly out, F7 (Flyball, 7)
Top of the 9th over - 0 runs, 1 hit, 0 errors, 2 left on base; Atlantic City 5 - Durham 2
BOTTOM OF THE 9TH
Durham Rapiers batting - Pitching for Atlantic City Sonics : LHP Doppo Omikado
Batting: LHB Alberto Garza 0-0: Foul Ball, location: 2F
0-1: Foul Ball, location: 2F
0-2: Ball
1-2: Foul Ball, location: 2F
1-2: SINGLE (Groundball, 6D)
Batting: RHB Yoshi Kouda 0-0: Ball
1-0: Called Strike
1-1: Ball
2-1: Foul Ball, location: 2F
2-2: Ball
3-2: Foul Ball, location: 2F
3-2: Strikes out swinging
Batting: RHB Júlio Gonzáles 0-0: Called Strike
0-1: Ball
1-1: Ball
2-1: Called Strike
2-2: Foul Ball, location: 2F
2-2: Ball
3-2: Base on Balls
Alberto Garza to second
Batting: RHB Lu-fang Koo 0-0: Ball
1-0: Ball
2-0: Foul Ball, location: 2F
2-1: Ball
3-1: Foul Ball, location: 2F
3-2: Foul Ball, location: 2F
3-2: Base on Balls
Alberto Garza to third
Júlio Gonzáles to second
Batting: RHB Tomás Costello 0-0: Fly out, F8 (Line Drive, 78M)
Runner from 3rd tags up, SCORES, no throw
Pinch Hitting: RHB Guillermo Mata 0-0: Ball
1-0: Called Strike
1-1: Called Strike
1-2: Strikes out swinging
Bottom of the 9th over - 1 run, 1 hit, 0 errors, 2 left on base; Atlantic City 5 - Durham 3
Sunday, March 18th, 2018 - OOTP Baseball 18.8 Build 76